 Dungeon Crawl Stone Soup version 0.18-a0-1293-g5a2c81a (webtiles) character file.

701 dvd the Shooter (level 7, -4/87 HPs)
             Began as a Minotaur Hunter on Feb 10, 2016.
             Was a Follower of Okawaru.
             Slain by a hell rat (11 damage)
             ... on level 6 of the Dungeon.
             The game lasted 00:15:18 (4666 turns).

dvd the Shooter (Minotaur Hunter)                   Turns: 4666, Time: 00:15:19

Health: -4/87      AC: 10    Str: 20 (22) XL:     7   Next: 38%
Magic:  6/6        EV: 10    Int:  8      God:    Okawaru [*.....]
Gold:   180        SH:  0    Dex:  9 (12) Spells: 0 memorised, 6 levels left

rFire  . . .     SeeInvis .     b - +3 war axe
rCold  . . .     Gourm    .     l - +0 scale mail
rNeg   . . .     Faith    .     (no shield)
rPois  .         Spirit   .     (helmet restricted)
rElec  .         Dismiss  .     (no cloak)
rCorr  .         Reflect  .     (no gloves)
SustAt .         Harm     .     (no boots)
MR     .....     Rnd*Tele +     (no amulet)
Stlth  ..........               (no ring)
                                p - +2 ring of protection

@: berserking, heavily drained, very quick, not resistant to hostile
enchantments, extremely unstealthy
A: retaliatory headbutt, horns 2, yellow scales 1, teleportitis 1, MP-powered
wands
a: Heroism, Renounce Religion


You were on level 6 of the Dungeon.
You worshipped Okawaru.
Okawaru was aware of your devotion.
You were not hungry.

You visited 2 branches of the dungeon, and saw 7 of its levels.

You collected 180 gold pieces.

Inventory:

Hand Weapons
 a - a +1 shortbow
 b - a +3 war axe (weapon)
 c - a +2 short sword of venom
 d - a +0 hunting sling
 k - a +1 dagger of venom
 n - a +1 dagger of pain
 r - a +0 falchion
 u - a +2 whip of flaming
Missiles
 i - 70 bolts
 o - 11 sling bullets
 w - 9 bolts of frost
 B - 75 arrows
 C - 190 stones (quivered)
Armour
 l - a +0 scale mail (worn)
 I - a +0 leather armour
 R - a +0 chain mail
Magical Staves
 K - an uncursed staff of death
Jewellery
 p - a +2 ring of protection (left hand)
Wands
 A - a wand of teleportation (4/9)
 J - a wand of disintegration (5/24)
 P - a wand of iceblast (5/15)
Scrolls
 h - 2 scrolls of magic mapping {unknown}
 m - 2 scrolls of enchant armour {unknown}
 q - a scroll of fog {unknown}
 s - 2 scrolls of immolation {unknown}
 y - 6 scrolls of identify {unknown}
 D - a scroll of enchant weapon {unknown}
 L - a scroll of remove curse
 O - 2 scrolls of amnesia {unknown}
 Q - a scroll of fear {unknown}
Potions
 e - a potion of mutation
 j - 3 potions of cancellation
 x - a potion of agility
Comestibles
 f - 4 bread rations
 g - a slice of pizza
 t - a beef jerky
 H - 3 meat rations


   Skills:
 + Level 3.8(2.0) Fighting
 + Level 0.7(0.0) Short Blades
 + Level 1.9(0.3) Axes
 + Level 0.8(0.0) Maces & Flails
 + Level 7.6(5.6) Bows
 + Level 4.2(2.4) Armour
 + Level 3.4(1.6) Dodging
 + Level 1.2(0.0) Stealth


You had 6 spell levels left.
You didn't know any spells.

Dungeon Overview and Level Annotations

Branches:
Dungeon (6/15)             Temple (1/1) D:4

Altars:
Ashenzari
Cheibriados
Elyvilon
Fedhas
Gozag
Kikubaaqudgha
Makhleb
Nemelex Xobeh
Okawaru
Pakellas
Qazlal
Ru
Trog
Vehumet
Xom
Yredelemnul
Zin
The Shining One


Innate Abilities, Weirdness & Mutations

You reflexively headbutt those who attack you in melee.
You have a pair of horns on your head.
You are partially covered in yellow scales (AC +2).
You are occasionally teleported next to monsters.
You expend magic power (3 MP) to strengthen your wands.


Message History

You barely miss the hell rat.
The hell rat is heavily wounded.
The hell rat bites you.
You feel drained.
The hell rat bites you but does no damage.
The hell rat bites you. The hell rat barely misses you.
You closely miss the hell rat.
The hell rat is almost dead.
You barely miss the hell rat.
The hell rat is heavily wounded.
The hell rat bites you. The hell rat bites you!
* * * LOW HITPOINT WARNING * * *
You feel drained.
* * * LOW HITPOINT WARNING * * *
The hell rat bites you.
* * * LOW HITPOINT WARNING * * *
You feel drained.
Drink which item? (? for menu, Esc to quit)
A red film seems to cover your vision as you go berserk!
You feel yourself moving faster!
You feel mighty! The hell rat bites you!
You die... ###### ..... .... rr.

# # rr
.#### .##r
..#.##.#r#
#.#..##@#
#...#r##
#..†(##
#.#.#.#
#(#.#
##.##.
#.## #.
#.## ##
##.#


You could see 2 hell rats, a river rat and 4 rats.

Vanquished Creatures
  The ghost of FrancescoMac the Sneak, an amateur NaAs (D:3)
  A centaur (D:6)
  A scorpion (D:4)
  A jelly (D:5)
  A crimson imp (D:3)
  2 giant frog zombies (D:5)
  2 orc priests (D:5)
  3 iguanas (D:4)
  A hound skeleton (D:5)
  4 gnolls (D:3)
  3 adders
  A shadow imp (D:5)
  3 oozes (D:1)
  An adder zombie (D:6)
  2 adder skeletons
  A worm (D:3)
  2 giant geckos
  8 orcs
  8 giant cockroaches
  7 goblins
  12 hobgoblins
  5 jackals
  A quokka (D:2)
  2 ball pythons
  6 bats
  7 giant newts
  7 kobolds
  16 rats
109 creatures vanquished.

Notes
Turn   | Place    | Note
--------------------------------------------------------------
     0 | D:1      | dvd the Minotaur Hunter began the quest for the Orb.
     0 | D:1      | Reached XP level 1. HP: 18/18 MP: 0/0
   206 | D:1      | Reached XP level 2. HP: 25/25 MP: 1/1
   321 | D:1      | Reached skill level 5 in Bows
   364 | D:1      | Reached XP level 3. HP: 30/30 MP: 2/2
  1193 | D:2      | Reached skill level 1 in Stealth
  1321 | D:2      | Reached XP level 4. HP: 37/37 MP: 3/3
  1481 | D:2      | Found an ancient bone altar of Kikubaaqudgha.
  1550 | D:3      | Reached skill level 6 in Bows
  1691 | D:3      | Noticed FrancescoMac's ghost (amateur NaAs)
  1703 | D:3      | Killed FrancescoMac's ghost
  1703 | D:3      | Reached skill level 1 in Armour
  1703 | D:3      | Reached XP level 5. HP: 33/44 MP: 4/4
  1719 | D:3      | Found an oddly glowing altar of Pakellas.
  2433 | D:3      | Reached XP level 6. HP: 30/51 MP: 5/5
  2664 | D:4      | Reached skill level 7 in Bows
  2878 | D:4      | Found a staircase to the Ecumenical Temple.
  2889 | Temple   | Entered the Ecumenical Temple
  3278 | D:4      | Found an iron altar of Okawaru.
  3290 | D:4      | Became a worshipper of Warmaster Okawaru
  3454 | D:5      | Entered Level 5 of the Dungeon
  3760 | D:5      | HP: 2/51 [orc priest/dagger (5)]
  3761 | D:5      | Reached skill level 1 in Axes
  3922 | D:5      | Reached XP level 7. HP: 14/57 MP: 6/6
  4050 | D:5      | Gained mutation: You are occasionally teleported next to monsters. [potion of mutation]
  4050 | D:5      | Gained mutation: You are partially covered in yellow scales (AC +2). [potion of mutation]
  4050 | D:5      | Gained mutation: You expend magic power (3 MP) to strengthen your wands. [potion of mutation]
  4377 | D:5      | Reached * piety under Okawaru
  4666 | D:6      | Slain by a hell rat

Vault maps used:
D:1:      minmay_arrival_stair_chambers
D:2:      marbit_many_paths, first_bread
D:3:      nicolae_overflow_crystal_walls
D:4:      okawaru_ov_weapons_minmay, minmay_temple_entry_statues_pillars,
          serial_corexii_hall, corexii_hall_statues_l, corexii_hall_statues_t
D:6:      lemuel_ratsnest
Temple:   eino_wide_crystal_templ_15

Action                   |  1- 3 |  4- 6 |  7- 9 || total
-------------------------+-------+-------+-------++-------
Melee: Dagger            |     3 |     4 |       ||     7
       Short sword       |    32 |    40 |       ||    72
       Whip              |     1 |    32 |       ||    33
       War axe           |       |    26 |    19 ||    45
 Fire: Shortbow          |    65 |    73 |    20 ||   158
Throw: Stone             |       |     1 |       ||     1
  Use: Scroll            |       |     2 |       ||     2
       Potion            |       |       |    12 ||    12
  Eat: Chunk             |     1 |     8 |     2 ||    11
       Beef jerky        |       |       |     1 ||     1
